 Dungeon Crawl Stone Soup version 0.24-a0-366-gc1c896e988 (webtiles) character file.

Game seed: 16612943457821225755

5838 Nautrax the Spear-Bearer (level 10, -4/90 HPs)
             Began as a Minotaur Abyssal Knight on May 28, 2019.
             Was a High Priest of Lugonu.
             Killed from afar by a killer bee (16 damage)
             ... with an exploding inner flame
             ... hexed by the player character
             ... on level 9 of the Dungeon.
             The game lasted 00:54:02 (10872 turns).

Nautrax the Spear-Bearer (Minotaur Abyssal Knight) Turns: 10872, Time: 00:54:02

Health: -4/90      AC: 16    Str: 20    XL:     10   Next: 51%
Magic:  10/10      EV: 13    Int:  9    God:    Lugonu [*****.]
Gold:   155        SH:  0    Dex: 10    Spells: 9/9 levels left

rFire    . . .     SeeInvis .   v - +2 glaive (protect)
rCold    + . .     Gourm    .   (shield currently unavailable)
rNeg     . . .     Faith    .   k - +3 leather armour {rC+}
rPois    .         Spirit   .   (helmet restricted)
rElec    .         Reflect  .   (no cloak)
rCorr    .         Harm     .   j - +0 pair of gloves
MR       .....                  x - +0 pair of boots
Stlth    +.........             (no amulet)
HPRegen  0.25/turn              (no ring)
MPRegen  0.12/turn              (no ring)

@: lethally poisoned (-4 -> -5), protection aura
A: retaliatory headbutt, horns 2
a: Depart the Abyss, Bend Space, Banish, Corrupt, Enter the Abyss, Renounce
Religion


You were on level 9 of the Dungeon.
You worshipped Lugonu.
Lugonu was extremely pleased with you.
You were not hungry.

You visited 2 branches of the dungeon, and saw 10 of its levels.
You visited the Abyss 1 time.

You collected 505 gold pieces.
You spent 350 gold pieces at shops.

Inventory:

Hand Weapons
 t - a +2 trident of freezing
 v - a +2 glaive of protection (weapon)
Armour
 g - a +0 pair of gloves
 j - a +0 pair of gloves (worn)
 k - a +3 leather armour of cold resistance (worn)
 x - a +0 pair of boots (worn)
Scrolls
 a - 2 scrolls of enchant armour
 d - 3 scrolls of identify
 e - a scroll of enchant weapon
 h - 3 scrolls of teleportation
 i - a scroll of blinking
 q - 2 scrolls of immolation
 y - 2 scrolls of remove curse
Potions
 c - a potion of heal wounds
 f - 3 potions of degeneration {unknown}
 l - a potion of resistance {unknown}
 m - a potion of might
 n - 4 potions of curing
 o - a potion of invisibility
 p - a potion of magic {unknown}
 r - 2 potions of mutation {unknown}
 s - 2 potions of agility {unknown}
 u - 2 potions of haste {unknown}
 w - a potion of brilliance {unknown}
 B - 3 potions of cancellation {unknown}
Comestibles
 b - 20 rations
 z - 6 chunks of flesh


   Skills:
 + Level 8.7 Fighting
   Level 7.3(11.4) Axes
 - Level 13.5(14.1) Polearms
 + Level 5.7 Armour
 - Level 3.7 Dodging
 - Level 0.6 Stealth
 * Level 2.1 Invocations


You had 9 spell levels left.
You didn't know any spells.
Your spell library contained the following spells:

 Spells                   Type           Power        Failure   Level  Hunger
 Confusing Touch          Hex            #.....       43%         1    ##.....
 Corona                   Hex            #......      43%         1    ##.....
 Ensorcelled Hibernation  Hex/Ice        #.....       56%         2    ###....
 Confuse                  Hex            #.......     80%         3    ####...
 Dazzling Spray           Conj/Hex       #.....       80%         3    ####...
 Gell's Gravitas          Tloc           #.........   80%         3    ####...
 Tukima's Dance           Hex            #.......     80%         3    ####...
 Petrify                  Tmut/Erth      #.......     99%         4    #####..
 Metabolic Englaciation   Hex/Ice        #.........   100%        5    ######.
 Yara's Violent Unravell  Hex/Tmut       #.........   100%        5    ######.


Dungeon Overview and Level Annotations

Branches:
Dungeon (9/15)             Temple (1/1) D:5
   Lair: D:8-11         Orc: D:9-12

Altars:
Ashenzari
Cheibriados
Dithmenos
Elyvilon
Fedhas
Gozag
Hepliaklqana
Kikubaaqudgha
Makhleb
Nemelex Xobeh
Qazlal
Ru
Sif Muna
Trog
Vehumet
Wu Jian
Xom
Yredelemnul
Zin
The Shining One

Shops:
D:7 :

Annotations:
D:9 Erica


Innate Abilities, Weirdness & Mutations

You reflexively headbutt those who attack you in melee.
You have a pair of horns on your head.


Message History

Really read the scroll of immolation?
As you read the scroll of immolation, it crumbles to dust.
The creatures around you are filled with an inner flame!
The killer bee barely misses you. You furiously retaliate!
You headbutt the killer bee, but do no damage.
The killer bee barely misses you. You furiously retaliate!
You headbutt the killer bee. The killer bee misses you.
The killer bee barely misses you. The killer bee completely misses you.
You feel sick. The killer bee barely misses you. x2
You feel sick.
You slice the killer bee!!
Your weapon exudes an aura of protection.
The killer bee explodes!
The fiery explosion engulfs the killer bee!!!
The killer bee explodes!
The fiery explosion engulfs the killer bee!
The killer bee explodes!
The fiery explosion engulfs you!
You die...

################+#####'
....#...#>....#........
....#...'.....#...... ...
....#...#.....#..... ....
##'###'#########..####+#....
........##...###..#.........
...÷....÷....§§§@.#.........
........#÷....§§§.#.........#...#
........#.....§§§.#......(..#...#
........#..######'#.........#...#
#'##....#.(#........####....#...#
.†.#....#..#........'..#....#...#
...#....#..#........#..#....#...#
...#....#..#[.......#..#....#...#
...#....#[.#....#####..#....'...#


There were no monsters in sight!

Vanquished Creatures
  A death yak (D:9)
  Pikel (D:7)
  2 hippogriffs
  Sigmund (D:5)
  Eustachio (D:5)
  4 hogs (D:9)
  A human (D:9)
  A water moccasin (D:8)
  A slave (D:7)
  2 phantoms (D:8)
  2 sky beasts
  2 ice beasts
  2 orc warriors
  3 ogres
  5 centaurs
  3 bullfrogs
  Blork the orc (D:5)
  A gnoll sergeant (D:6)
  A water moccasin skeleton (D:6)
  A scorpion (D:4)
  10 killer bees
  An electric eel (D:7)
  2 bullfrog skeletons
  2 hounds
  2 centaur skeletons
  2 orc priests
  6 worker ants
  Ijyb (D:3)
  Natasha (D:2)
  6 orc wizards
  A killer bee zombie (D:7)
  A hound zombie (D:8)
  A hound skeleton (D:8)
  3 worker ant zombies
  16 gnolls
  2 howler monkey skeletons
  10 adders
  A shadow imp (D:9)
  2 oozes (D:2)
  3 dart slugs
  3 worms (D:2)
  5 leopard geckos
  23 orcs
  2 giant cockroaches
  12 goblins
  9 hobgoblins
  3 jackals (D:9)
  8 quokkas
  4 ball pythons
  9 bats
  9 frilled lizards
  A giant cockroach zombie (D:6)
  13 kobolds
  A leopard gecko zombie (D:7)
  A quokka skeleton (D:6)
  A quokka zombie (D:8)
  11 rats
224 creatures vanquished.

Vanquished Creatures (others)
  A slave (D:7)
  A worker ant (D:7)
  An adder (D:7)
  A shadow imp (D:7)
  2 orcs (D:7)
6 creatures vanquished.

Grand Total: 230 creatures vanquished

Notes
Turn   | Place    | Note
-------+----------+-------------------------------------------
     0 | Abyss:1  | Nautrax the Minotaur Abyssal Knight began the quest for the
                  | Orb.
     0 | Abyss:1  | Reached XP level 1. HP: 19/19 MP: 1/1
     5 | D:1      | Escaped the Abyss
   264 | D:1      | Reached XP level 2. HP: 24/27 MP: 2/2
   342 | D:1      | Reached ** piety under Lugonu
   601 | D:1      | Reached XP level 3. HP: 34/34 MP: 3/3
  1067 | D:2      | Found a white marble altar of Elyvilon.
  1140 | D:2      | Reached XP level 4. HP: 41/41 MP: 4/4
  1216 | D:2      | Reached *** piety under Lugonu
  1523 | D:2      | Noticed Natasha
  1534 | D:2      | Killed Natasha
  1534 | D:2      | Reached XP level 5. HP: 14/47 MP: 5/5
  1776 | D:2      | Found a glowing silver altar of Zin.
  1781 | D:2      | Found a stormy altar of Qazlal.
  1918 | D:2      | Found a burning altar of Makhleb.
  1929 | D:2      | Reached skill level 5 in Fighting
  2132 | D:2      | Found a shimmering altar of Xom.
  2503 | D:3      | Reached skill level 5 in Axes
  2508 | D:3      | Noticed Ijyb
  2521 | D:3      | Killed Ijyb
  2521 | D:3      | Reached XP level 6. HP: 53/56 MP: 6/6
  3013 | D:3      | Noticed a sky beast
  3024 | D:3      | Killed a sky beast
  3718 | D:3      | Found a sacrificial altar of Ru.
  3997 | D:4      | Reached XP level 7. HP: 16/61 MP: 7/7
  5095 | D:5      | Entered Level 5 of the Dungeon
  5095 | D:5      | Found a shadowy altar of Dithmenos.
  5128 | D:5      | Noticed Sigmund
  5136 | D:5      | Killed Sigmund
  5136 | D:5      | Reached skill level 2 in Polearms
  5341 | D:5      | Reached skill level 3 in Polearms
  5341 | D:5      | Reached XP level 8. HP: 58/71 MP: 8/8
  5389 | D:5      | Noticed Blork the orc
  5407 | D:5      | Killed Blork the orc
  5573 | D:5      | Found a shattered altar of Ashenzari.
  5595 | D:5      | Reached skill level 4 in Polearms
  5595 | D:5      | Reached skill level 5 in Armour
  5843 | D:5      | Found a deep blue altar of Sif Muna.
  5852 | D:5      | Noticed Eustachio
  5875 | D:5      | Killed Eustachio
  5875 | D:5      | Reached skill level 5 in Polearms
  5936 | D:5      | Found a staircase to the Ecumenical Temple.
  6159 | Temple   | Entered the Ecumenical Temple
  6299 | D:6      | Found a snail-covered altar of Cheibriados.
  6304 | D:6      | Reached **** piety under Lugonu
  6343 | D:6      | Reached skill level 6 in Polearms
  6666 | D:6      | Reached skill level 7 in Polearms
  6822 | D:6      | Reached XP level 9. HP: 36/79 MP: 9/9
  7021 | D:6      | Found a sparkling altar of Nemelex Xobeh.
  7042 | D:6      | Reached skill level 8 in Polearms
  7576 | D:7      | Reached skill level 9 in Polearms
  7690 | D:7      | Noticed Pikel
  7702 | D:7      | Killed Pikel
  7702 | D:7      | Reached skill level 10 in Polearms
  7863 | D:7      | Got a colourful robe
  7911 | D:7      | Found Ettapraf's Book Emporium.
  7915 | D:7      | Bought a book of Maledictions for 350 gold pieces
  8947 | D:8      | Reached skill level 11 in Polearms
  9128 | D:8      | Found a hazy altar of Hepliaklqana.
  9427 | D:8      | Reached ***** piety under Lugonu
  9651 | D:8      | Reached XP level 10. HP: 21/88 MP: 10/10
 10362 | D:9      | Reached skill level 12 in Polearms
 10816 | D:9      | Noticed a death yak
 10821 | D:9      | Reached skill level 13 in Polearms
 10835 | D:9      | Noticed Erica
 10842 | D:9      | Killed a death yak
 10872 | D:9      | Killed from afar by a killer bee

Levels and vault maps discovered:
D:1:      giann_horns, layout_loops_ring, nrook_mini_vaults, minmay_cupped
D:2:      layout_basic, elyvilon_altar_1, makhleb_heckhound_becter,
          xom_teletrap_fun, minitemple, uniq_natasha
D:3:      layout_basic, lemuel_round_altar, first_ration, due_unseen_surprise,
          uniq_ijyb
D:4:      layout_gridville
D:5:      layout_basic, lemuel_crystal_altar, ashenzari_altar_1,
          grunt_dithmenos_smoke_and_mirrors, temple_doors_e, uniq_blork_the_orc,
          uniq_sigmund, uniq_eustachio
D:6:      layout_basic, kennysheep_little_box, kennysheep_slug_shrine
D:7:      layout_rooms, serial_shops, shop_statue, serial_bayou_lagoon_a,
          uniq_pikel
D:8:      layout_loops_corners, basic_altar
D:9:      layout_gridville, okawaru_ov_weapons_minmay, dancing_weapons_uskayaw,
          dpeg_lair_monsters, grunt_livestock, uniq_erica
Temple:   kb_temple_of_zot

Skill      XL: |  1  2  3  4  5  6  7  8  9 10 |
---------------+-------------------------------+-----
Fighting       | 4 5 6 7 8 |  8.7
Armour         | 3 4 5 |  5.7
Invocations    | 2 |  2.1
Axes           | 4 5 6 7 |  7.3
Dodging        | 2 3 |  3.7
Polearms       | 3 7 11 13 | 13.5
Stealth        | |  0.6

Action                   |  1- 3 |  4- 6 |  7- 9 | 10-12 || total
-------------------------+-------+-------+-------+-------++-------
Melee: Hand axe          |    83 |   174 |    51 |       ||   308
       Headbutt          |     8 |    26 |    48 |    13 ||    95
       Trident           |       |       |    39 |       ||    39
       Glaive            |       |       |   230 |    82 ||   312
  Use: Scroll            |     8 |     3 |     4 |     1 ||    16
       Potion            |       |     1 |     1 |     1 ||     3
 Stab: Distracted        |       |       |     2 |       ||     2
  Eat: Chunk             |     1 |     4 |    11 |     2 ||    18
       Ration            |       |     2 |     2 |       ||     4
Armor: Ring mail         |    31 |       |       |       ||    31
       Leather armour    |     6 |    43 |   109 |    38 ||   196
Dodge: Dodged            |    52 |    99 |   204 |    73 ||   428

Table legend:
 A = Non-vault XP
 B = Vault XP
 C = Vault XP percentage of total XP
 D = Non-vault monster count
 E = Vault monster count
 F = Vault count percentage of total count
                 A         B        C        D         E       F
            +---------+---------+-------+---------+---------+-------
      Total |    5208 |    3133 |  37.6 |     207 |      16 |   7.2
            +---------+---------+-------+---------+---------+-------
        D:1 |      49 |       4 |   7.5 |      30 |       2 |   6.2
        D:2 |     142 |      77 |  35.2 |      34 |       2 |   5.6
        D:3 |     330 |      35 |   9.6 |      31 |       1 |   3.1
        D:4 |     507 |       0 |   0.0 |      23 |       0 |   0.0
        D:5 |     387 |     524 |  57.5 |      12 |       3 |  20.0
        D:6 |     836 |       4 |   0.5 |      21 |       1 |   4.5
        D:7 |     863 |     629 |  42.2 |      21 |       1 |   4.5
        D:8 |    1336 |       0 |   0.0 |      22 |       0 |   0.0
        D:9 |     758 |    1860 |  71.0 |      13 |       6 |  31.6
            +---------+---------+-------+---------+---------+-------
